 Dungeon Crawl Stone Soup version 0.31.0-11-ge490571c62 (webtiles) character file.

Game seed: 3018796596292707890

732 qw the Ducker (level 7, -2/36 HPs)
             Began as a Spriggan Hunter on Feb 3, 2024.
             Slain by a killer bee (6 damage)
             ... on level 8 of the Dungeon.
             The game lasted 00:01:05 (3210 turns).

qw the Ducker (Spriggan Hunter)                     Turns: 3210, Time: 00:01:06

Health: -2/36      AC:  2    Str:  7    XL:     7   Next: 45%
Magic:  8/8        EV: 22    Int: 11    God:
Gold:   112        SH:  0    Dex: 20    Spells: 6/6 levels left

rFire   . . .        e - +0 arbalest
rCold   + . .        (shield currently unavailable)
rNeg    . . .        c - +0 robe
rPois   .            (helmet restricted)
rElec   .            (no cloak)
rCorr   .            (gloves unavailable)
SInv    +            (boots unavailable)
Will    +....        a - amulet of the acrobat
Stlth   ++           d - ring of protection from cold
HPRegen 0.26/turn    (no ring)
MPRegen 0.11/turn

%: acrobat
@: lethally poisoned (-2 -> -3), about to teleport, very quick
A: very small, no large weapons, unfitting armour, see invisible, speed 3
a: no special abilities


You were on level 8 of the Dungeon.
You visited 1 branch of the dungeon, and saw 6 of its levels.

You collected 112 gold pieces.


Innate Abilities, Weirdness & Mutations

You are very small and have problems with some larger weapons.
You are too small for most types of armour.
You have supernaturally acute eyesight. (SInv)
You cover ground extremely quickly. (Speed+++)


   Skills:
 - Level 3.4 Fighting
 + Level 6.7 Ranged Weapons
 - Level 7.0 Dodging
 - Level 1.5 Stealth


You had 6 spell levels left.
You didn't know any spells.
Your spell library was empty.

Inventory:

Hand Weapons
 e - a +0 arbalest (weapon)
Armour
 c - a +0 robe (worn)
Jewellery
 a - an amulet of the acrobat (around neck)
 d - a ring of protection from cold (left hand)
 i - a +5 ring of evasion
Scrolls
 f - a scroll of enchant armour {unknown}
Potions
 b - 2 potions of brilliance {unknown}
 g - a potion of attraction {unknown}
 h - 2 potions of ambrosia {unknown}
 k - a potion of curing {unknown}
 l - a potion of invisibility {unknown}
 m - a potion of magic {unknown}

Dungeon Overview and Level Annotations

Branches:
Dungeon (5/15)
 Temple: D:4-7

Altars:
Ashenzari
Fedhas
Gozag
Kikubaaqudgha
Yredelemnul
Zin

Shops:
D:5 *


Message History

3203 ||| RETREEEEATING.
The killer bee attacks as it pursues you!
The killer bee completely misses you.
You shoot a bolt. The bolt misses the killer bee.
The killer bee completely misses you. The killer bee closely misses you.
The killer bee misses you.
You shoot a bolt.
The bolt closely misses the killer bee. x2
The killer bee buzzes angrily.
You hear a shout!
The killer bee completely misses you. The killer bee closely misses you. x2
You shoot a bolt. The killer bee buzzes angrily.
The bolt hits the killer bee.
The killer bee is lightly wounded.
The killer bee stings you!
You are poisoned.
The killer bee poisons you! The killer bee misses you.
The killer bee completely misses you. The killer bee barely misses you.
You shoot a bolt. The bolt hits the killer bee!
The killer bee is heavily wounded.
You feel very sick. The killer bee completely misses you.
The killer bee misses you. The killer bee closely misses you.
The killer bee completely misses you. x2
The killer bee barely misses you.
You shoot a bolt. The bolt hits the killer bee.
The killer bee is almost dead.
You feel sick. The killer bee stings you! The killer bee barely misses you.
The killer bee completely misses you. The killer bee misses you.
The killer bee stings you! The killer bee completely misses you.
The killer bee closely misses you.
3209 ||| READING scroll of teleportation.
As you read the scroll of teleportation, it crumbles to dust.
You feel strangely unstable.
You feel sick. The killer bee closely misses you. The killer bee stings you.
The killer bee misses you. The killer bee completely misses you.
You shoot a bolt. The bolt hits the killer bee!
You kill the killer bee!
You feel sick. The killer bee misses you. The killer bee completely misses you.
The killer bee stings you.
You die...

.....~~##.##~~.# ####
......~~~.~~~... ...#
........y.....# #..#
...........##.# #..#
.........#y #.######..#
.........#.##.##......##
.........#..))...###...#
........y###o..........##
####....yy@y..##.###....#
##########.##.####.###
#.##.......# #(##.####.##
#.........# ####.######
#.# #.# #.#


You could see an orc sorcerer and 4 killer bees.

Vanquished Creatures
  Grinder (D:3)
  Sigmund (D:2)
  A centaur (D:5)
  2 killer bees (D:8)
  A bombardier beetle (D:5)
  Terence (D:3)
  An orc wizard (D:5)
  3 gnolls (D:8)
  7 adders
  A dart slug (D:1)
  A ribbon worm (D:3)
  9 orcs
  8 endoplasms
  2 giant cockroaches
  6 goblins
  5 hobgoblins
  6 quokkas
  9 ball pythons
  5 bats
  2 frilled lizards
  12 kobolds
  5 rats
89 creatures vanquished.

Notes
Turn   | Place    | Note
-------+----------+-------------------------------------------
     0 | D:1      | qw the Spriggan Hunter began the quest for the Orb.
     0 | D:1      | Reached XP level 1. HP: 10/10 MP: 2/2
     0 | D:1      | 0 ||| qw: Version: 0.3-a-155-g5e7d8dd
     0 | D:1      | 0 ||| qw: Game counter: 3374
     0 | D:1      | 0 ||| qw: Melee chars always use a shield: true
     0 | D:1      | 0 ||| qw: God list: Okawaru
     0 | D:1      | 0 ||| qw: Allow faded altars: false
     0 | D:1      | 0 ||| qw: Do Orc after clearing Dungeon:15 true
     0 | D:1      | 0 ||| qw: Do second Lair branch before Depths: true
     0 | D:1      | 0 ||| qw: Lair rune preference: random
     0 | D:1      | 0 ||| qw: Goals: Normal
     0 | D:1      | 0 ||| PLANNING D:1-11
    59 | D:1      | Reached skill level 3 in Dodging
   180 | D:1      | Reached XP level 2. HP: 14/14 MP: 3/3
   297 | D:1      | Reached skill level 4 in Dodging
   303 | D:1      | HP: 3/14 [frozen (5)]
   796 | D:1      | 796 ||| READING 2 scrolls labelled VEMMOG RALUOGH.
   796 | D:1      | 796 ||| IDENTIFYING scroll labelled YSKAICRUCU
   797 | D:1      | 797 ||| READING scroll of identify.
   797 | D:1      | 797 ||| IDENTIFYING scroll labelled LILUCI KETIRPH
   798 | D:1      | 798 ||| READING scroll of enchant weapon.
   798 | D:1      | 798 ||| ENCHANTING +0 shortbow.
   799 | D:1      | 799 ||| READING 3 scrolls labelled FEEZYCW CALO.
   800 | D:1      | 800 ||| DROPPING scroll of butterflies.
   801 | D:1      | 801 ||| DROPPING 2 scrolls of blinking.
   802 | D:1      | 802 ||| DROPPING scroll of noise.
   832 | D:2      | Reached XP level 3. HP: 12/18 MP: 4/4
   980 | D:2      | Reached XP level 4. HP: 22/22 MP: 5/5
  1172 | D:2      | Noticed Sigmund
  1176 | D:2      | 1176 ||| FLEEEEING.
  1177 | D:2      | 1177 ||| FLEEEEING.
  1192 | D:2      | Killed Sigmund
  1193 | D:2      | Reached skill level 7 in Dodging
  1193 | D:2      | Reached XP level 5. HP: 14/25 MP: 6/6
  1249 | D:2      | Found a faded altar of an unknown god.
  1591 | D:2      | 1591 ||| READING scroll labelled RESYDU HEIPH.
  1593 | D:2      | 1593 ||| Stepping ~*~*~tactically~*~*~ (cloud).
  1599 | D:2      | HP: 6/25 [poisoned by you (poison gas)]
  1709 | D:3      | 1709 ||| STAIRDANCE
  1713 | D:3      | 1713 ||| STAIRDANCE
  1717 | D:3      | 1717 ||| STAIRDANCE
  1722 | D:3      | 1722 ||| STAIRDANCE
  1828 | D:3      | 1828 ||| SWAPPING to +0 arbalest.
  1829 | D:3      | 1829 ||| DROPPING +1 shortbow.
  1975 | D:3      | Found a glowing silver altar of Zin.
  1975 | D:3      | Found an opulent altar of Gozag.
  2063 | D:3      | Found a blossoming altar of Fedhas.
  2063 | D:3      | Found an ancient bone altar of Kikubaaqudgha.
  2105 | D:3      | Noticed Grinder
  2109 | D:3      | Killed Grinder
  2110 | D:3      | Reached skill level 3 in Fighting
  2110 | D:3      | Reached XP level 6. HP: 21/32 MP: 7/7
  2278 | D:3      | Noticed Terence
  2284 | D:3      | Killed Terence
  2313 | D:3      | Found a broken altar of Ashenzari.
  2545 | D:3      | 2545 ||| UPGRADING to amulet of the acrobat.
  2550 | D:3      | 2550 ||| READING scroll labelled CYGAWN IGIT.
  2550 | D:3      | Identified a scroll of acquirement
  2550 | D:3      | 2550 ||| ACQUIRING ring of protection from cold
  2550 | D:3      | Acquired a ring of protection from cold
  2552 | D:3      | 2552 ||| UPGRADING to ring of protection from cold.
  2553 | D:3      | 2553 ||| READING scroll labelled VEMNAV MIOTUA.
  2608 | D:4      | Found a basalt altar of Yredelemnul.
  2968 | D:4      | 2968 ||| READING scroll labelled UTTOPU SIKUENO.
  2969 | D:4      | 2969 ||| READING 2 scrolls labelled QUFROCL KILOTZ.
  2970 | D:4      | 2970 ||| DROPPING scroll of fog.
  2973 | D:5      | Entered Level 5 of the Dungeon
  3068 | D:5      | Reached XP level 7. HP: 36/36 MP: 8/8
  3086 | D:5      | Found Pedoxaf's Practical Paraphernalia.
  3094 | D:5      | 3094 ||| SHOPLISTING ring of poison resistance (300 gold,
                  | have 97).
  3094 | D:5      | 3094 ||| SHOPLISTING ring of positive energy (300 gold,
                  | have 97).
  3100 | D:5      | Reached skill level 6 in Ranged Weapons
  3149 | D:5      | You fall into a shaft and drop 3 floors!
  3184 | D:8      | 3184 ||| RETREEEEATING.
  3185 | D:8      | 3185 ||| RETREEEEATING.
  3197 | D:8      | Noticed an orc sorcerer
  3198 | D:8      | 3198 ||| RETREEEEATING.
  3199 | D:8      | 3199 ||| RETREEEEATING.
  3200 | D:8      | 3200 ||| RETREEEEATING.
  3201 | D:8      | 3201 ||| RETREEEEATING.
  3203 | D:8      | 3203 ||| RETREEEEATING.
  3208 | D:8      | HP: 9/36 [killer bee (8)]
  3209 | D:8      | 3209 ||| READING scroll of teleportation.
  3210 | D:8      | HP: 4/36 [poisoned by a killer bee]
  3210 | D:8      | Slain by a killer bee

Levels and vault maps discovered:
D:1:      dpeg_arrival_short_road, layout_basic, minmay_split_cup_small
D:2:      layout_basic, hellmonk_ecumenical_altar_run_dry,
          chequers_serial_rivers_small_3, uniq_sigmund
D:3:      layout_loops_corners, grunt_temple_overflow_gold_and_silver,
          mainiacjoe_overflow_six_doors_small,
          grunt_temple_overflow_growth_and_decay, st_stairs_9, uniq_grinder,
          uniq_terence
D:4:      layout_rooms, yredelemnul_altar_generic
D:5:      layout_loops_ring, amethyst_overflow_temple_binary,
          nicolae_alphabet_shops, minmay_strange_pillars, uniq_menkaure
D:8:      cheibrodos_wizards_tower, layout_loops_ring,
          mainiacjoe_overflow_boulevard, overflow_temple_1_default,
          grunt_ministairs_12

Skill      XL: |  1  2  3  4  5  6  7 |
---------------+----------------------+-----
Dodging        | 3 4 7 |  7.0
Ranged Weapons | 5 6 |  6.7
Fighting       | 3 |  3.4
Stealth        | |  1.5

Action                     |  1- 3 |  4- 6 |  7- 9 || total
---------------------------+-------+-------+-------++-------
   Fire: Shortbow          |    99 |    29 |       ||   128
         Arbalest          |       |    52 |    42 ||    94
    Use: Scroll            |     4 |     5 |     1 ||    10
 Armour: Robe              |     8 |     6 |     8 ||    22
  Dodge: Dodged            |    29 |    32 |    52 ||   113

Table legend:
 A = Non-vault XP
 B = Vault XP
 C = Vault XP percentage of total XP
 D = Non-vault monster count
 E = Vault monster count
 F = Vault count percentage of total count
                 A         B        C        D         E       F
            +---------+---------+-------+---------+---------+-------
      Total |     584 |     525 |  47.3 |      80 |       9 |  10.1
            +---------+---------+-------+---------+---------+-------
        D:1 |      31 |       4 |  11.4 |      18 |       3 |  14.3
        D:2 |      78 |     223 |  74.1 |      25 |       1 |   3.8
        D:3 |      32 |     298 |  90.3 |      11 |       5 |  31.2
        D:4 |      48 |       0 |   0.0 |      12 |       0 |   0.0
        D:5 |     226 |       0 |   0.0 |       9 |       0 |   0.0
        D:8 |     169 |       0 |   0.0 |       5 |       0 |   0.0
            +---------+---------+-------+---------+---------+-------
